 Dungeon Crawl Stone Soup version 0.20.1-1-g8b1a95d (webtiles) character file.

56 Sancrist the Shooter (level 3, -3/28 HPs)
             Began as a Centaur Arcane Marksman on Sept 26, 2017.
             Slain by an adder (4 damage)
             ... on level 2 of the Dungeon.
             The game lasted 00:20:38 (2346 turns).

Sancrist the Shooter (Centaur Arcane Marksman)      Turns: 2346, Time: 00:20:39

Health: -3/28      AC:  5    Str: 12    XL:     3   Next: 71%
Magic:  4/4        EV: 13    Int: 12    God:
Gold:   60         SH:  0    Dex: 15    Spells: 3/4 levels left

rFire    + . .     SeeInvis .   a - +0 shortbow
rCold    + . .     Gourm    .   (shield currently unavailable)
rNeg     . . .     Faith    .   s - +0 ring mail
rPois    +         Spirit   .   (no helmet)
rElec    +         Reflect  .   (no cloak)
rCorr    +         Harm     .   (no gloves)
MR       +....                  (no barding)
Stlth    +.........             (no amulet)
Regen    0.1/turn               j - ring of protection from magic
MPRegen  0.1/turn               (no ring)

@: agile, lethally poisoned (-3 -> -5), resistant, very slightly contaminated,
hasted, very quick
A: hooves 3, deformed body, speed 2, tough skin 3
a: no special abilities


You were on level 2 of the Dungeon.
You were completely stuffed.

You visited 1 branch of the dungeon, and saw 2 of its levels.

You collected 60 gold pieces.

Inventory:

Hand Weapons
 a - a +0 shortbow (weapon)
 g - a +0 hand axe
 i - a +0 whip
 p - a +3 dagger
 t - a +0 dagger
 w - a +0 short sword
 x - a +0 club
 y - a +0 club
 z - a +0 club
 B - a +0 spear
 E - a +0 club
Missiles
 h - 15 stones
 u - 16 sling bullets (quivered)
Armour
 e - a +0 robe
 k - a +0 ring mail
 o - a +0 pair of boots
 s - a +0 ring mail (worn)
 D - a +0 scale mail
Jewellery
 j - a ring of protection from magic (left hand)
Wands
 A - a wand of paralysis (15/24)
 C - a wand of random effects (18/48)
Scrolls
 b - 5 scrolls of identify
 n - 2 scrolls of remove curse
Potions
 m - a potion of resistance
Books
 c - a book of Debilitation

   Spells                             Type                      Level
   a - Corona                         Hexes                        1
   b - Slow                           Hexes                        2
   c - Inner Flame                    Hexes/Fire                   3
   d - Portal Projectile              Hexes/Translocation          3
   e - Cause Fear                     Hexes                        4
   f - Leda's Liquefaction            Hexes/Earth                  4


   Skills:
 + Level 1.5 Fighting
 + Level 4.3 Bows
 + Level 0.3 Armour
 + Level 1.5 Dodging
 + Level 1.0 Spellcasting
 + Level 3.1 Hexes


You had 3 spell levels left.
You knew the following spells:

 Your Spells              Type           Power        Failure   Level  Hunger
a - Corona                Hex            #......      19%         1    ##.....


Dungeon Overview and Level Annotations

Branches:
Dungeon (2/15)

Altars:
Okawaru


Innate Abilities, Weirdness & Mutations

You have hooves in place of feet.
Armour fits poorly on your strangely shaped body.
You cover ground very quickly.
You have extremely tough skin. (AC +3)


Message History

Aim: an adder (severely wounded)
You toss away a sling bullet.
The sling bullet barely misses the adder.
The adder closely misses you.
Tossing away (i - inventory. (,) - cycle):
u - 18 sling bullets (quivered)
Press: ? - help, Shift-Dir - straight line, f/p - adder
Aim: an adder (severely wounded)
You toss away a sling bullet.
The sling bullet hits the adder but does no damage.
The adder is severely wounded.
* * * LOW HITPOINT WARNING * * *
You feel sick. The adder bites you but does no damage.
Tossing away (i - inventory. (,) - cycle):
u - 17 sling bullets (quivered)
Press: ? - help, Shift-Dir - straight line, f/p - adder
Aim: an adder (severely wounded)
You toss away a sling bullet.
The sling bullet hits the adder but does no damage.
The adder is severely wounded.
The adder bites you.
You die...

#.....># #.# #..(...# #.#
#...#### #.# #...# #.#
#...# #.# #########(..#
#.#### ((....(.....#
#..... .###..#####S#
###### ## #####@# ####
#..#.....###### #...
#.............# #...
#..##...##.##.# #...
#..#.....#..#.# #...
#....._.....#.# #...
#..#.....#..#.########...
##.##...##.##........+...
#.........###########...


You could see an adder.

Vanquished Creatures
  An adder (D:2)
  An ooze (D:2)
  A worm (D:2)
  A dart slug (D:1)
  A leopard gecko (D:2)
  A ball python (D:2)
  5 bats
  3 giant cockroaches
  3 goblins
  4 hobgoblins
  3 jackals (D:1)
  3 kobolds
  2 frilled lizards (D:1)
  4 rats
33 creatures vanquished.

Vanquished Creatures (others)
  4 toadstools (D:1)
4 creatures vanquished.

Grand Total: 37 creatures vanquished

Notes
Turn   | Place    | Note
-------+----------+-------------------------------------------
     0 | D:1      | Sancrist the Centaur Arcane Marksman began the quest for the Orb.
     0 | D:1      | Reached XP level 1. HP: 16/16 MP: 2/2
   284 | D:1      | Reached XP level 2. HP: 18/23 MP: 3/3
   619 | D:1      | Reached skill level 3 in Bows
  1379 | D:2      | Reached XP level 3. HP: 27/28 MP: 4/4
  1541 | D:2      | Found an iron altar of Okawaru.
  1828 | D:2      | Reached skill level 4 in Bows
  2345 | D:2      | HP: 1/28 [poisoned by an adder]
  2346 | D:2      | Slain by an adder

Skill      XL: |  1  2  3 |
---------------+----------+-----
Hexes          | 3 |  3.1
Bows           | 3 4 |  4.3
Fighting       | |  1.5
Armour         | |  0.3
Dodging        | |  1.5
Spellcasting   | |  1.0

Action                   || total
-------------------------++-------
Melee: Shortbow          ||     9
       Hand axe          ||     2
       Kick              ||     2
 Fire: Shortbow          ||   115
Throw: Stone             ||     6
Evoke: Wand              ||     1
  Use: Scroll            ||     3
       Potion            ||     3
  Eat: Bread ration      ||     2
       Chunk             ||     2
Armor: Ring mail         ||    32
       Robe              ||     3
Dodge: Dodged            ||    27
